[Event "Titled Tuesday Blitz December 20 Early 2022"]
[White "VitorBronson"]
[Black "ChessicallyInclined"]
[WhiteElo "2459"]
[BlackElo "2693"]
[Result "0-1"]
[Round "07"]
[TimeControl "180+2"]
[Date "2022.12.20"]
[WhiteClock "0:00:12"]
[BlackClock "0:00:05"]

1. e4 a6 2. d4 e6 3. Nf3 d5 4. e5 c5 5. c3 Nc6 6. Bd3 b5 7. O-O c4 8. Bc2 Bd7 9. Ne1 Qb6 10. f4 f5 11. exf6 Nxf6 12. f5 exf5 13. Bxf5 Bxf5 14. Rxf5 Bd6 15. Rxf6 gxf6 16. Qh5+ Ke7 17. Qxd5 Rad8 18. Qe4+ Kd7 19. Nf3 Kc7 20. a4 Rde8 21. Qf5 Ne7 22. Qh5 Kb7 23. axb5 axb5 24. Na3 Ra8 25. Rb1 Ra5 26. Qf7 Rc8 27. Kh1 Rc7 28. Qxf6 Bxa3 29. Qxb6+ Kxb6 30. bxa3 Nd5 31. Bb2 Re7 32. Ne5 Ra8 33. h4 Rf8 34. a4 Rf4 35. g3 Rf2 36. axb5 Rc7 37. Ba3 Nxc3 38. Bc5+ Kb7 39. Ra1 Nxb5 40. Nxc4 Kc6 41. Ra5 Re2 42. Ra1 Rf7 43. Rb1 Nc3 44. Rb6+ Kd5 45. Ne3+ Rxe3 46. Rd6+ Kc4 47. Kg2 Re2+ 48. Kh3 Ne4 49. Re6 Nf2+ 50. Kg2 Rxe6 51. Bd6 Rxd6 52. g4 Rxd4 53. g5 Rg4+ 54. Kh2 Rf3 55. h5 Rh3# 0-1


[Site "https://www.chess.com"]

[Event "Titled Tuesday Blitz December 20 Early 2022"]
[White "Volkov, Nikolay Nik."]
[Black "JohnWhite1952"]
[WhiteFideId "4176626"]
[WhiteElo "2123"]
[BlackElo "1978"]
[Result "0-1"]
[Round "07"]
[TimeControl "180+2"]
[Date "2022.12.20"]
[WhiteClock "0:00:00"]
[BlackClock "0:00:26"]

1. Nf3 Nf6 2. c4 c5 3. Nc3 g6 4. e4 d6 5. d4 cxd4 6. Nxd4 Bg7 7. g3 Nc6 8. Nc2 O-O 9. Bg2 Bd7 10. O-O a6 11. b3 Rb8 12. Bb2 b5 13. Ne3 Qa5 14. Ncd5 Nxd5 15. exd5 Bxb2 16. dxc6 Bxa1 17. Qxa1 Be6 18. cxb5 axb5 19. Rc1 Qc7 20. Qc3 b4 21. Qd4 Rfc8 22. Bd5 Qb6 23. Qd2 Rc7 24. Rc4 Qa5 25. Qd3 Qxa2 26. Qe4 Qa1+ 27. Kg2 Qe5 28. Rxb4 Rxb4 0-1


[Site "https://www.chess.com"]

[Event "Titled Tuesday Blitz December 20 Early 2022"]
[White "Zhigalko_Sergei"]
[Black "Pranav, V"]
[BlackFideId "25060783"]
[WhiteElo "2876"]
[BlackElo "2597"]
[Result "1/2-1/2"]
[Round "07"]
[TimeControl "180+2"]
[Date "2022.12.20"]
[WhiteClock "0:00:03"]
[BlackClock "0:00:03"]

1. e4 c5 2. Nf3 d6 3. d4 cxd4 4. Qxd4 Nc6 5. Bb5 Bd7 6. Bxc6 bxc6 7. c4 e5 8. Qd3 Nf6 9. O-O Qc7 10. Nc3 Be7 11. c5 dxc5 12. Be3 Be6 13. Ng5 Bc8 14. Qc4 O-O 15. Bxc5 Ba6 16. Qxa6 Bxc5 17. Qc4 Bb6 18. Rad1 Rad8 19. h3 h6 20. Nf3 Nh5 21. Na4 Nf4 22. b4 Rfe8 23. Nxb6 axb6 24. a4 Ra8 25. Ra1 Qd6 26. Kh2 Rec8 27. g3 Ne6 28. Rfd1 Qc7 29. Kg2 Rd8 30. Rxd8+ Nxd8 31. Qc3 f6 32. Rd1 Kh7 33. Qc2 Ne6 34. Qc4 Qc8 35. Rd6 Nd8 36. b5 Qc7 37. Rd2 Rc8 38. Nh4 Nb7 39. Qe6 Nc5 40. Qf5+ Kg8 41. Ng6 Re8 42. Rc2 cxb5 43. axb5 Qb7 44. f3 Qf7 45. h4 Ne6 46. Rd2 Nd4 47. Qg4 f5 48. exf5 Nxf5 49. Re2 Nd4 50. Rf2 Nxb5 51. h5 Nd4 52. Qe4 Nf5 53. Re2 Qf6 54. Nxe5 Qe6 55. g4 Nd6 56. Qg6 Qxg6 57. hxg6 Nc4 58. f4 Nxe5 59. fxe5 Re6 60. Kf3 Rxg6 61. Rc2 Re6 62. Kf4 b5 63. Rc8+ Kf7 64. Rb8 Ra6 65. Rxb5 Ra4+ 66. Kf3 Kg6 67. Rb7 Rc4 68. Re7 Ra4 69. Kg3 Rb4 70. Kh4 Re4 71. Kg3 Rb4 72. Kf3 Ra4 73. Kg3 Re4 74. Kf3 Re1 75. Kf2 Re4 76. Kf3 Ra4 1/2-1/2


[Site "https://www.chess.com"]

[Event "Titled Tuesday Blitz December 20 Early 2022"]
[White "Zozik, S. Mohammed"]
[Black "Ong, Chong Ghee"]
[WhiteFideId "4803280"]
[BlackFideId "5800145"]
[WhiteElo "2116"]
[BlackElo "2307"]
[Result "0-1"]
[Round "07"]
[TimeControl "180+2"]
[Date "2022.12.20"]
[WhiteClock "0:00:55"]
[BlackClock "0:00:58"]

1. d4 e6 2. c4 d5 3. Nf3 f5 4. g3 Nf6 5. Bg2 Bd6 6. O-O O-O 7. b3 c6 8. Nc3 Bd7 9. Qc2 Ne4 10. Ne5 Be8 11. f3 Nxc3 12. Qxc3 Nd7 13. Nxd7 Qxd7 14. Bb2 f4 15. g4 Bg6 16. e4 fxe3 17. Qxe3 Bf4 18. Qe2 Rae8 19. Ba3 Rf7 20. c5 Qc7 21. h4 e5 22. h5 Bxh5 23. gxh5 Qd7 24. Rae1 Qf5 25. dxe5 Qxh5 26. e6 Qh2+ 27. Kf2 Bg3+ 28. Ke3 Rxe6+ 29. Kd3 Rxe2 30. Rxe2 Qh5 31. Re8+ Rf8 32. Rxf8+ Kxf8 33. f4 Qf5+ 34. Kd2 Bxf4+ 35. Ke2 Qc2+ 36. Kf3 g5 37. Bh3 Qxa2 38. Bc1 Qxb3+ 39. Kg4 Qg3+ 40. Kh5 Qxh3# 0-1


[Site "https://www.chess.com"]

[Event "Titled Tuesday Blitz December 20 Early 2022"]
[White "aidenzhouu"]
[Black "Machidon, Cristi"]
[BlackFideId "13904590"]
[WhiteElo "2386"]
[BlackElo "2279"]
[Result "0-1"]
[Round "07"]
[TimeControl "180+2"]
[Date "2022.12.20"]
[WhiteClock "0:00:08"]
[BlackClock "0:00:07"]

1. d4 Nf6 2. c4 d6 3. Nf3 Nbd7 4. Nc3 e5 5. e4 Be7 6. Be2 O-O 7. O-O c6 8. d5 a5 9. Bg5 Nc5 10. Bxf6 Bxf6 11. Qc2 g6 12. Ne1 Bg7 13. Nd3 Qb6 14. Nxc5 Qxc5 15. Na4 Qa7 16. c5 cxd5 17. cxd6 Be6 18. exd5 Bxd5 19. Rfd1 Bc6 20. Nc5 Rfd8 21. Rac1 Bf8 22. Ne4 Qb6 23. Bc4 Bh6 24. Rb1 Rac8 25. b3 Bg7 26. Ng5 Rd7 27. Qe2 h6 28. Nxf7 Rxf7 29. Qg4 Rd8 30. Qxg6 Rd7 31. Kh1 Bb5 32. Be6 Qxf2 33. Bxf7+ Rxf7 34. d7 Bxd7 35. Rxd7 Qf1+ 0-1


[Site "https://www.chess.com"]

[Event "Titled Tuesday Blitz December 20 Early 2022"]
[White "emeli_chess"]
[Black "Tsyhanchuk_Stanislav"]
[WhiteElo "2405"]
[BlackElo "2335"]
[Result "0-1"]
[Round "07"]
[TimeControl "180+2"]
[Date "2022.12.20"]
[WhiteClock "0:00:11"]
[BlackClock "0:02:03"]

1. d4 d5 2. c4 c6 3. Nc3 Nf6 4. e3 g6 5. Nf3 Bg7 6. Be2 O-O 7. O-O e6 8. Bd2 b6 9. Rc1 Bb7 10. cxd5 exd5 11. Ne5 Nfd7 12. f4 Nxe5 13. dxe5 f6 14. exf6 Bxf6 15. Bf3 Nd7 16. e4 d4 17. Ne2 Nc5 18. e5 Bg7 19. Bb4 d3 20. Bxc5 bxc5 21. Qb3+ Rf7 22. Nc3 Qd4+ 23. Kh1 c4 24. Qa4 Rxf4 25. Bxc6 Bxc6 26. Qxc6 Raf8 27. Rxf4 Qxf4 28. g3 Qxc1+ 0-1


[Site "https://www.chess.com"]

[Event "Titled Tuesday Blitz December 20 Early 2022"]
[White "exoticprincess"]
[Black "Timofeeva, Galina"]
[BlackFideId "14106175"]
[WhiteElo "3057"]
[BlackElo "1955"]
[Result "1-0"]
[Round "07"]
[TimeControl "180+2"]
[Date "2022.12.20"]
[WhiteClock "0:00:14"]
[BlackClock "0:00:09"]

1. e4 c5 2. c3 Nf6 3. e5 Nd5 4. d4 cxd4 5. Qxd4 e6 6. Nf3 Nc6 7. Qg4 d6 8. Bb5 Bd7 9. exd6 Nf6 10. Qf4 Qb6 11. Na3 a6 12. Be2 Qc5 13. Nc4 Nd5 14. Qg3 b5 15. Nce5 Qxd6 16. O-O Nxe5 17. Nxe5 h5 18. h4 Qc7 19. Nxd7 Qxd7 20. Rd1 Qd6 21. Qxd6 Bxd6 22. a4 Rb8 23. axb5 axb5 24. Ra5 Ke7 25. Rxb5 Rxb5 26. Bxb5 Bf4 27. Bxf4 Nxf4 28. g3 Nd5 29. Bc6 Nb6 30. b4 Rc8 31. b5 Rc7 32. Kg2 Ra7 33. Kf3 Ra3 34. Rd3 Na4 35. Ke3 Rxc3 36. Rxc3 Nxc3 37. b6 Kd6 38. b7 Kc7 39. Bf3 Nd5+ 40. Bxd5 exd5 41. Kd4 Kxb7 42. Kxd5 Kc7 43. Ke5 Kd7 44. Kf5 Ke7 45. Kg5 g6 46. f3 Ke6 47. f4 Kd5 48. f5 gxf5 49. Kxh5 Ke5 50. Kg5 f6+ 51. Kg6 f4 52. gxf4+ Kxf4 53. h5 Kg4 54. h6 f5 55. h7 f4 56. h8=Q f3 57. Qh2 f2 58. Qxf2 Kh3 59. Qf4 Kg2 60. Qe3 Kf1 61. Qd2 1-0


[Site "https://www.chess.com"]

[Event "Titled Tuesday Blitz December 20 Early 2022"]
[White "fks_stal_mielec"]
[Black "BetonCarlsen"]
[WhiteElo "2284"]
[BlackElo "2216"]
[Result "0-1"]
[Round "07"]
[TimeControl "180+2"]
[Date "2022.12.20"]
[WhiteClock "0:00:06"]
[BlackClock "0:00:12"]

1. d4 Nf6 2. c4 c5 3. d5 e6 4. Nc3 exd5 5. cxd5 d6 6. e4 g6 7. Be2 Bg7 8. Nf3 O-O 9. O-O a6 10. a4 Bg4 11. Nd2 Bxe2 12. Qxe2 Re8 13. Nc4 Qc7 14. Bf4 Bf8 15. Bg5 Nbd7 16. f4 Bg7 17. Qd3 Rab8 18. a5 b5 19. axb6 Nxb6 20. Nxb6 Rxb6 21. Rxa6 Rxa6 22. Qxa6 Nxe4 23. Nb5 Qd7 24. Qc6 Qxc6 25. dxc6 Bxb2 26. c7 c4 27. Bd8 Bf6 28. c8=Q Rxd8 29. Qg4 d5 30. f5 h5 31. Qf4 g5 32. Qc7 c3 33. Nd4 Bxd4+ 34. Kh1 Ra8 35. Qb7 Nf2+ 36. Kg1 Ra2 37. Qxd5 Nh3+ 38. Kh1 Nf2+ 39. Kg1 Rd2 40. Qa8+ Kg7 41. Qf3 c2 42. Rxf2 Rd1+ 43. Qxd1 cxd1=Q# 0-1


[Site "https://www.chess.com"]

[Event "Titled Tuesday Blitz December 20 Early 2022"]
[White "googlegoom"]
[Black "EdgePlosion"]
[WhiteElo "2581"]
[BlackElo "2420"]
[Result "1-0"]
[Round "07"]
[TimeControl "180+2"]
[Date "2022.12.20"]
[WhiteClock "0:00:20"]
[BlackClock "0:00:03"]

1. Nf3 Nf6 2. b3 g6 3. Bb2 Bg7 4. d4 O-O 5. e3 b6 6. Be2 Bb7 7. O-O d6 8. c4 Nbd7 9. Nbd2 Ne4 10. Qc2 Nxd2 11. Nxd2 e5 12. dxe5 Nxe5 13. f4 Nd7 14. Bxg7 Kxg7 15. Bf3 Bxf3 16. Rxf3 Qf6 17. Re1 Rae8 18. Ne4 Qf5 19. Qc3+ Nf6 20. Ng3 Qc5 21. b4 Qc6 22. e4 d5 23. e5 Ng8 24. cxd5 Qxd5 25. Ne4 h6 26. Rd3 Qb5 27. a4 Qxa4 28. Ra1 Qb5 29. Rxa7 Ra8 30. Rxc7 Ra1+ 31. Kf2 Ra2+ 32. Kg3 h5 33. Ng5 Kh6 34. Nxf7+ Rxf7 35. Rxf7 Qe8 36. e6 h4+ 37. Kxh4 1-0


[Site "https://www.chess.com"]

[Event "Titled Tuesday Blitz December 20 Early 2022"]
[White "guillembaches"]
[Black "Begmuratov, Khumoyun"]
[BlackFideId "14210207"]
[WhiteElo "2464"]
[BlackElo "2387"]
[Result "0-1"]
[Round "07"]
[TimeControl "180+2"]
[Date "2022.12.20"]
[WhiteClock "0:00:06"]
[BlackClock "0:01:59"]

1. e4 e5 2. Nf3 Nc6 3. Bc4 Nf6 4. Ng5 d5 5. exd5 Na5 6. Bb5+ c6 7. dxc6 bxc6 8. Qf3 cxb5 9. Qxa8 h6 10. Ne4 Nd5 11. Nbc3 Nb6 12. Nf6+ gxf6 13. Qf3 Rg8 14. d3 Bb7 15. Ne4 Be7 16. Bxh6 Nc6 17. c3 Qd7 18. Nxf6+ Bxf6 19. Qxf6 Qxd3 20. Rd1 Qe4+ 21. Be3 Nd5 22. Qd6 Nxe3 23. fxe3 Qxe3+ 24. Kf1 Nd4 0-1


[Site "https://www.chess.com"]

[Event "Titled Tuesday Blitz December 20 Early 2022"]
[White "katchesskat"]
[Black "Suduvasachmatai"]
[WhiteElo "2391"]
[BlackElo "2110"]
[Result "0-1"]
[Round "07"]
[TimeControl "180+2"]
[Date "2022.12.20"]
[WhiteClock "0:01:10"]
[BlackClock "0:01:31"]

1. c4 e6 2. Nf3 d5 3. e3 c5 4. a3 Nc6 5. Qc2 Nf6 6. d3 d4 7. e4 e5 8. Bg5 Be7 9. Bxf6 Bxf6 10. Be2 O-O 11. Nbd2 a6 12. Nf1 Bg4 13. Ng1 Bxe2 14. Nxe2 Qe7 15. Nfg3 Qc7 16. O-O Ne7 17. Nf5 Nxf5 18. exf5 Rfe8 19. Ng3 b5 20. b3 bxc4 21. Qxc4 Rac8 22. Rac1 Qd6 23. Ne4 Qb6 24. Nxc5 Be7 25. b4 a5 26. Rfe1 axb4 27. axb4 Bxc5 28. bxc5 Qf6 29. Re4 Qxf5 30. Rce1 Re6 31. Qd5 Rce8 32. Rxd4 exd4 33. Rxe6 Qxe6 0-1


[Site "https://www.chess.com"]

[Event "Titled Tuesday Blitz December 20 Early 2022"]
[White "lamomiajunior"]
[Black "Tsigelnitskiy, Ilusha"]
[BlackFideId "4132971"]
[WhiteElo "2526"]
[BlackElo "2342"]
[Result "1-0"]
[Round "07"]
[TimeControl "180+2"]
[Date "2022.12.20"]
[WhiteClock "0:01:17"]
[BlackClock "0:00:02"]

1. d4 e6 2. Nc3 Nf6 3. Bf4 c5 4. e3 d5 5. Nb5 Na6 6. c3 Be7 7. Nf3 O-O 8. Bd3 Bd7 9. a4 h6 10. Ne5 Nb8 11. Bb1 a6 12. Na3 Nc6 13. Qd3 Bd6 14. Ng4 Ne4 15. Bxd6 Re8 16. f3 Nxd6 17. dxc5 Nf5 18. O-O h5 19. Nf2 Ne5 20. Qd2 Bxa4 21. Bxf5 exf5 22. b4 Bc6 23. Rfd1 Qe7 24. Re1 Nc4 25. Nxc4 dxc4 26. Qc2 Qe6 27. e4 fxe4 28. Nxe4 Rad8 29. Kf2 Qd5 30. Rad1 Qf5 31. Rd4 Rxd4 32. cxd4 Bxe4 33. Rxe4 1-0


[Site "https://www.chess.com"]

[Event "Titled Tuesday Blitz December 20 Early 2022"]
[White "larsmandreassen"]
[Black "Nyambe, Maketo"]
[BlackFideId "8700915"]
[WhiteElo "2215"]
[BlackElo "2091"]
[Result "0-1"]
[Round "07"]
[TimeControl "180+2"]
[Date "2022.12.20"]
[WhiteClock "0:01:16"]
[BlackClock "0:00:02"]

1. d4 d5 2. Nf3 Nf6 3. c4 e6 4. Nc3 Be7 5. Bg5 h6 6. Bh4 O-O 7. e3 b6 8. cxd5 Nxd5 9. Bxe7 Nxe7 10. Be2 Bb7 11. O-O Nd7 12. Rc1 c5 13. Qb3 cxd4 14. exd4 Nf6 15. Rfd1 Nfd5 16. Ne5 Nf5 17. Bf3 Nxc3 18. bxc3 Bxf3 19. Nxf3 Qf6 20. Ne5 Rfd8 21. Rd3 Rac8 22. Rcd1 Qg5 23. h3 Qf4 24. Rf3 Qe4 25. g4 Nh4 26. Rxf7 Qg2# 0-1


[Site "https://www.chess.com"]

[Event "Titled Tuesday Blitz December 20 Early 2022"]
[White "manitodeplomo"]
[Black "Beca, Rodrigo Martins"]
[BlackFideId "1954490"]
[WhiteElo "2639"]
[BlackElo "2976"]
[Result "0-1"]
[Round "07"]
[TimeControl "180+2"]
[Date "2022.12.20"]
[WhiteClock "0:00:03"]
[BlackClock "0:00:32"]

1. d4 Nf6 2. c4 c5 3. d5 g6 4. Nc3 Bg7 5. e4 d6 6. h3 O-O 7. Nf3 e6 8. Bd3 exd5 9. cxd5 Re8 10. O-O Nbd7 11. Re1 Ne5 12. Nxe5 Rxe5 13. f4 Re8 14. Qf3 a6 15. a4 Nd7 16. Be3 Rb8 17. Bf2 Qc7 18. Rad1 c4 19. Bb1 b5 20. axb5 axb5 21. e5 dxe5 22. d6 Qd8 23. f5 b4 24. Nd5 Bb7 25. Be4 Bxd5 26. Bxd5 e4 27. Rxe4 Ne5 28. Rxe5 Rxe5 29. fxg6 hxg6 30. Qxf7+ Kh7 31. Bxc4 Rf5 32. Qc7 Rxf2 33. Kxf2 Qh4+ 34. Kg1 Rf8 35. d7 Rd8 36. b3 Qg5 37. Qd6 Be5 38. Qe6 Qe3+ 39. Kh1 Qg3 40. Kg1 Kh6 41. Qg4 Qh2+ 42. Kf1 Rf8+ 43. Ke2 Bf6 44. Rf1 Qe5+ 45. Kd1 Qa1+ 46. Ke2 Qb2+ 47. Kd1 Ra8 48. Qf4+ Bg5 49. Qf8+ Rxf8 50. Rxf8 Qd2# 0-1


[Site "https://www.chess.com"]

[Event "Titled Tuesday Blitz December 20 Early 2022"]
[White "nikitakhoroshev"]
[Black "Prasad, M.V.S"]
[BlackFideId "5018790"]
[WhiteElo "2709"]
[BlackElo "1945"]
[Result "1-0"]
[Round "07"]
[TimeControl "180+2"]
[Date "2022.12.20"]
[WhiteClock "0:01:32"]
[BlackClock "0:00:01"]

1. d4 Nf6 2. c4 c5 3. d5 b5 4. a4 bxc4 5. Nc3 d6 6. e4 g6 7. Bxc4 Bg7 8. Nf3 O-O 9. O-O Bg4 10. h3 Bxf3 11. Qxf3 Nbd7 12. Qe2 Nh5 13. a5 Ne5 14. Ba6 e6 15. Bb7 Rb8 16. a6 f5 17. f4 Ng3 18. Qc2 Nxf1 19. fxe5 fxe4 20. Nxe4 Bxe5 21. Bg5 Bd4+ 22. Kh1 Qe8 23. Qe2 Qf7 24. dxe6 Qf5 25. e7 Qxe4 26. exf8=Q+ Rxf8 27. Qxe4 Ng3+ 28. Kh2 Be5 29. Qxe5 dxe5 30. Kxg3 1-0


[Site "https://www.chess.com"]

[Event "Titled Tuesday Blitz December 20 Early 2022"]
[White "politeplayer"]
[Black "Ezat, Mohamed"]
[BlackFideId "10600906"]
[WhiteElo "2244"]
[BlackElo "2402"]
[Result "0-1"]
[Round "07"]
[TimeControl "180+2"]
[Date "2022.12.20"]
[WhiteClock "0:00:03"]
[BlackClock "0:00:32"]

1. e4 c6 2. d4 d5 3. exd5 cxd5 4. c4 Nf6 5. Nc3 Nc6 6. Nf3 Bg4 7. cxd5 Nxd5 8. Qb3 Bxf3 9. gxf3 Nb6 10. Be3 e6 11. O-O-O Be7 12. d5 exd5 13. Nxd5 Nxd5 14. Rxd5 Qc7 15. Kb1 O-O 16. Bd3 Rad8 17. Rc1 Rxd5 18. Qxd5 Qxh2 19. f4 Nb4 20. Rh1 Nxd5 21. Rxh2 g6 22. f5 Rd8 23. Bxa7 Nb4 24. Be2 Rd2 25. f4 Bf6 26. fxg6 hxg6 27. Bc4 Rxh2 0-1


[Site "https://www.chess.com"]

[Event "Titled Tuesday Blitz December 20 Early 2022"]
[White "romulocardoso"]
[Black "Liyanage, Ranindu Dilshan"]
[BlackFideId "9915834"]
[WhiteElo "2390"]
[BlackElo "2342"]
[Result "0-1"]
[Round "07"]
[TimeControl "180+2"]
[Date "2022.12.20"]
[WhiteClock "0:00:08"]
[BlackClock "0:00:11"]

1. e4 e5 2. Nf3 Nc6 3. d4 exd4 4. Bc4 Nf6 5. e5 d5 6. Bb5 Ne4 7. Nxd4 Bd7 8. Bxc6 bxc6 9. O-O Bc5 10. f3 Ng5 11. f4 Ne4 12. Be3 O-O 13. Nd2 Nxd2 14. Qxd2 Bb6 15. Nb3 Qe7 16. Rae1 Bf5 17. c3 Rad8 18. a4 a5 19. Qf2 Bd3 20. f5 Bxf1 21. f6 Qe6 22. Qxf1 Rfe8 23. Bxb6 cxb6 24. Nd4 Qd7 25. Nf5 g6 26. Ne7+ Rxe7 27. fxe7 Qxe7 28. Qa6 Qc5+ 29. Kh1 d4 30. cxd4 Rxd4 31. Qc8+ Kg7 32. e6 Re4 33. Rf1 Rxe6 34. Qc7 Rf6 35. Rg1 Qd4 36. b3 h5 37. h3 h4 38. Rc1 c5 39. Qe7 Rf2 40. Qg5 Qf4 41. Qxf4 Rxf4 42. Rc3 Kf6 43. Kg1 Rb4 44. g4 hxg3 45. Kg2 c4 46. bxc4 Rxa4 47. Rb3 Rb4 48. Rf3+ Kg7 49. Rc3 a4 50. h4 Rb3 51. Rc2 a3 52. Rc1 Kh6 53. Kh3 Kh5 54. c5 bxc5 55. Rxc5+ Kh6 56. Ra5 f6 57. Kg2 Kg7 58. Kh3 Kf7 59. Kg2 Ke6 60. h5 gxh5 61. Rxh5 f5 62. Rh6+ Ke5 63. Ra6 f4 64. Ra4 Rb2+ 65. Kf1 f3 66. Ke1 f2+ 67. Kf1 Rb1+ 68. Kg2 f1=Q+ 69. Kxg3 Qg1+ 70. Kf3 Rb3+ 71. Ke2 Qg2+ 72. Kd1 Rb1# 0-1


[Site "https://www.chess.com"]

[Event "Titled Tuesday Blitz December 20 Early 2022"]
[White "santosalberto1987"]
[Black "Baskaran, Darza"]
[BlackFideId "29951232"]
[WhiteElo "2495"]
[BlackElo "2318"]
[Result "1-0"]
[Round "07"]
[TimeControl "180+2"]
[Date "2022.12.20"]
[WhiteClock "0:01:27"]
[BlackClock "0:00:07"]

1. e4 c5 2. Nf3 Nc6 3. Nc3 g6 4. d4 cxd4 5. Nxd4 Bg7 6. Be3 d6 7. Qd2 Bd7 8. Bc4 Rc8 9. Bb3 Nf6 10. f3 a6 11. O-O-O b5 12. Kb1 O-O 13. h4 Ne5 14. h5 Nxh5 15. Bh6 b4 16. Nd5 e6 17. Bxg7 Kxg7 18. g4 exd5 19. gxh5 g5 20. h6+ Kh8 21. Bxd5 Bc6 22. Nxc6 Nxc6 23. Bxc6 Rxc6 24. Qxb4 f6 25. Rd5 Qc7 26. Qd2 Rb8 27. Rd1 Qb6 28. b3 Rd8 29. Qd4 Qxd4 30. R1xd4 Kg8 31. c4 Kf7 32. Rd1 Ke6 33. c5 1-0


[Site "https://www.chess.com"]

[Event "Titled Tuesday Blitz December 20 Early 2022"]
[White "sergeikim"]
[Black "WhiteKnight2612"]
[WhiteElo "2606"]
[BlackElo "2753"]
[Result "1-0"]
[Round "07"]
[TimeControl "180+2"]
[Date "2022.12.20"]
[WhiteClock "0:01:24"]
[BlackClock "0:01:13"]

1. d4 d5 2. c4 e6 3. Nc3 Nf6 4. Nf3 dxc4 5. e3 c5 6. Bxc4 a6 7. a3 b5 8. Ba2 Bb7 9. O-O Be7 10. Qe2 O-O 11. Rd1 Qb6 12. e4 cxd4 13. Nxd4 Bc5 14. Be3 Rd8 15. e5 Nfd7 16. b4 Bxd4 17. Bxd4 Qc6 18. Qg4 Nf8 19. Rac1 Qe8 20. Ne4 h5 21. Nf6+ 1-0


[Site "https://www.chess.com"]

[Event "Titled Tuesday Blitz December 20 Early 2022"]
[White "stollenmonster"]
[Black "Abundo, Casto"]
[BlackFideId "5200512"]
[WhiteElo "2932"]
[BlackElo "2175"]
[Result "1-0"]
[Round "07"]
[TimeControl "180+2"]
[Date "2022.12.20"]
[WhiteClock "0:00:48"]
[BlackClock "0:00:03"]

1. e4 e5 2. Nc3 Nf6 3. g3 d5 4. exd5 Nxd5 5. Bg2 Nxc3 6. bxc3 Nc6 7. d3 Be6 8. c4 Bb4+ 9. Bd2 Bxd2+ 10. Qxd2 O-O 11. Ne2 Rb8 12. Qc3 Qd6 13. O-O Qc5 14. Rab1 a6 15. h3 Rfd8 16. Rfe1 f6 17. Nc1 b6 18. Nb3 Qd6 19. c5 bxc5 20. Nxc5 Bxa2 21. Nb7 Qd4 22. Qxc6 Bxb1 23. Nxd8 Qxd8 24. Qxa6 Qd4 25. Re4 Qb2 26. Rc4 Bxc2 27. Rxc7 Bb3 28. Qa7 Rd8 29. Rxg7+ Kh8 30. Rxh7+ Kg8 31. Qg7# 1-0


[Site "https://www.chess.com"]

[Event "Titled Tuesday Blitz December 20 Early 2022"]
[White "supertfc"]
[Black "GuessChess_game"]
[WhiteElo "2268"]
[BlackElo "2424"]
[Result "0-1"]
[Round "07"]
[TimeControl "180+2"]
[Date "2022.12.20"]
[WhiteClock "0:00:01"]
[BlackClock "0:00:17"]

1. e4 c6 2. d4 d5 3. e5 Bf5 4. Nf3 e6 5. Be2 Ne7 6. O-O Nd7 7. Be3 c5 8. c4 a6 9. Nc3 dxc4 10. dxc5 Nc6 11. Qa4 Bxc5 12. Bxc5 Nxc5 13. Qxc4 Qe7 14. Rac1 Nd7 15. Qf4 O-O 16. Nd5 exd5 17. Qxf5 Ndxe5 18. Rfe1 Qf6 19. Qxf6 gxf6 20. Rcd1 Rfd8 21. Nh4 d4 22. f4 Ng6 23. Nf5 Nxf4 24. Bc4 Ne5 25. Bb3 d3 26. Re4 Ne2+ 27. Kf2 Rac8 28. Ne7+ Kf8 29. Nxc8 Rxc8 30. Rd2 Nc1 31. Bd5 b5 32. a4 Rc5 33. axb5 Rxb5 0-1


[Site "https://www.chess.com"]

[Event "Titled Tuesday Blitz December 20 Early 2022"]
[White "tortorchess"]
[Black "Dreux, Vincent"]
[BlackFideId "658960"]
[WhiteElo "1836"]
[BlackElo "1937"]
[Result "0-1"]
[Round "07"]
[TimeControl "180+2"]
[Date "2022.12.20"]
[WhiteClock "0:00:08"]
[BlackClock "0:00:10"]

1. d4 d5 2. c4 e6 3. cxd5 exd5 4. Nc3 c5 5. Nf3 Nc6 6. Bf4 Nf6 7. e3 c4 8. Be2 Bb4 9. O-O Bf5 10. Bg5 Bxc3 11. bxc3 O-O 12. Ne5 Rc8 13. Bg4 Nxe5 14. Bxf5 Ned7 15. Bxd7 Qxd7 16. Bxf6 gxf6 17. Qf3 f5 18. Qg3+ Kh8 19. Kh1 b5 20. f4 Rg8 21. Qh4 Qd8 22. Qh5 Qf6 23. Rf3 a5 24. Rh3 Qg6 25. Qe2 b4 26. Rc1 Rb8 27. Rg3 Qe6 28. Rh3 bxc3 29. a4 Rb2 30. Qf3 c2 31. Qe2 Rgb8 32. Rf3 Qe4 33. Rff1 Rb1 34. Qd2 Rxc1 35. Rxc1 Rb1 36. h3 Qd3 37. Qe1 Rxc1 38. Qxc1 Qd1+ 39. Qxd1 cxd1=Q+ 40. Kh2 c3 41. Kg3 c2 42. Kh4 c1=Q 43. Kg5 Qxe3 44. Kf6 Qe6+ 45. Kg5 Qg6+ 46. Kh4 Qe1+ 47. g3 Qexg3# 0-1


[Site "https://www.chess.com"]

[Event "Titled Tuesday Blitz December 20 Early 2022"]
[White "viditchess"]
[Black "Jalapeno_Tractor_Schuppen"]
[WhiteElo "2986"]
[BlackElo "2631"]
[Result "1-0"]
[Round "07"]
[TimeControl "180+2"]
[Date "2022.12.20"]
[WhiteClock "0:01:36"]
[BlackClock "0:00:18"]

1. Nf3 d5 2. b3 Nc6 3. Bb2 a6 4. e3 Bf5 5. d4 Qd6 6. c4 Nb4 7. Na3 e6 8. Be2 Nf6 9. O-O Be7 10. Ne5 O-O 11. c5 Qd8 12. Bc3 a5 13. Qe1 Ne4 14. f3 Nxc3 15. Qxc3 f6 16. Ng4 b6 17. cxb6 cxb6 18. Qd2 Bd6 19. Nf2 Qe7 20. Nb5 Rac8 21. Rac1 Bg6 22. e4 Bb8 23. a3 Nc6 24. Rfe1 Qd7 25. exd5 exd5 26. Bf1 Na7 27. Nc3 Qd6 28. g3 Qxa3 29. Nxd5 Qd6 30. Ne7+ Kh8 31. Nxc8 Nxc8 32. Ne4 Qd8 33. Bh3 Ne7 34. Nc3 Bd6 35. Be6 Bb4 36. d5 Qd6 37. Kg2 Rd8 38. Red1 Nc6 39. Nb5 Bxd2 40. Nxd6 Bxc1 41. dxc6 1-0


[Site "https://www.chess.com"]

[Event "Titled Tuesday Blitz December 20 Early 2022"]
[White "vladoboch"]
[Black "Canche Cab, Marco Alexei"]
[BlackFideId "5116139"]
[WhiteElo "2445"]
[BlackElo "2004"]
[Result "0-1"]
[Round "07"]
[TimeControl "180+2"]
[Date "2022.12.20"]
[WhiteClock "0:00:11"]
[BlackClock "0:00:07"]

1. e4 Nf6 2. e5 Nd5 3. d4 d6 4. c4 Nb6 5. f4 g6 6. Be3 Bg7 7. Nc3 Be6 8. d5 Bf5 9. Nf3 N8d7 10. Bd4 O-O 11. h3 dxe5 12. fxe5 c5 13. dxc6 bxc6 14. c5 Nd5 15. Bc4 Nxc3 16. bxc3 e6 17. O-O Be4 18. Qe2 Bd5 19. Nd2 Qe7 20. Bd3 Nxc5 21. c4 Nxd3 22. cxd5 Nxe5 23. Bxe5 exd5 24. Rae1 Rfe8 25. Nf3 f6 26. Qc2 fxe5 27. Qxc6 Rad8 28. Nd4 Qd7 29. Qxd7 Rxd7 30. Rf3 e4 31. Ra3 Bxd4+ 32. Kh1 Bb6 33. Rb3 d4 34. a4 d3 35. Rd1 e3 36. Rdxd3 Rxd3 37. Rxd3 e2 0-1


[Site "https://www.chess.com"]

[Event "Titled Tuesday Blitz December 20 Early 2022"]
[White "von Klitzing, Ole"]
[Black "McCarthyStone"]
[WhiteFideId "34618821"]
[WhiteElo "1564"]
[BlackElo "2471"]
[Result "1-0"]
[Round "07"]
[TimeControl "180+2"]
[Date "2022.12.20"]
[WhiteClock "0:02:16"]
[BlackClock "0:01:56"]

1. b3 a5 2. a4 Nf6 3. Bb2 d5 4. e3 c6 5. Nf3 Bf5 6. d4 h6 7. Bd3 e6 8. O-O Bd6 9. Ne5 Nbd7 10. f4 O-O 11. Nd2 Bxd3 12. cxd3 c5 13. Qf3 Qb6 14. Qg3 g6 15. Nxg6 fxg6 16. Qxg6+ Kh8 17. Qxh6+ Kg8 18. Qg6+ Kh8 19. Rf3 Rf7 1-0


[Site "https://www.chess.com"]